 Dungeon Crawl Stone Soup version 0.25-a0-589-g1e14c549ee (webtiles) character file.

Game seed: 5705607979096106217, levelgen mode: deterministic

108 KiliKikkendorf the Skirmisher (level 4, -1/40 HPs)
             Began as a Hill Orc Fighter on Mar 9, 2020.
             Slain by a gnoll
             ... wielding a +0 flail
              (5 damage)
             ... on level 2 of the Dungeon.
             The game lasted 00:13:36 (1130 turns).

KiliKikkendorf the Skirmisher (Hill Orc Fighter)    Turns: 1130, Time: 00:13:37

Health: -1/40      AC: 10    Str: 19    XL:     4   Next: 87%
Magic:  4/4        EV:  7    Int:  8    God:
Gold:   91         SH:  9    Dex: 10    Spells: 3/3 levels left

rFire    + . .     SeeInvis .   a - +0 war axe
rCold    . . .     Gourm    .   c - +0 kite shield
rNeg     . . .     Faith    .   b - +0 scale mail
rPois    .         Spirit   .   h - +0 helmet
rElec    .         Reflect  .   (no cloak)
rCorr    .         Harm     .   (no gloves)
MR       .....     Clarity  +   (no boots)
Stlth    ..........             (no amulet)
HPRegen  0.13/turn              (no ring)
MPRegen  0.09/turn              (no ring)

@: no status effects
A: yellow scales 1, clarity, fire resistance 1, mutation resistance 1
a: no special abilities


You were on level 2 of the Dungeon.
You were not hungry.

You visited 1 branch of the dungeon, and saw 2 of its levels.

You collected 91 gold pieces.

Inventory:

Hand Weapons
 a - a +0 war axe (weapon)
 e - a +2 vorpal spear
 j - a +1 dagger of flaming
Missiles
 g - 17 sling bullets
 i - 4 datura-tipped darts (quivered)
Armour
 b - a +0 scale mail (worn)
 c - a +0 kite shield (worn)
 h - a +0 helmet (worn)
Scrolls
 k - a scroll of teleportation {unknown}
Potions
 d - a potion of might
Comestibles
 f - 4 rations


   Skills:
 + Level 4.3 Fighting
 * Level 4.3 Axes
 * Level 4.2 Armour
 + Level 0.2 Stealth
 + Level 3.8 Shields


You had 3 spell levels left.
You didn't know any spells.
Your spell library was empty.

Dungeon Overview and Level Annotations

Branches:
Dungeon (2/15)

Altars:


Innate Abilities, Weirdness & Mutations

You are partially covered in yellow scales. (AC +2)
You possess an exceptional clarity of mind.
Your flesh is heat resistant. (rF+)
You are somewhat resistant to further mutation.


Message History

The gnoll dies!
You block the gnoll's attack.
You see here a +0 halberd.
The gnoll refuses to make way for you. (Use ctrl+direction or * direction to attack.)
The gnoll refuses to make way for you. (Use ctrl+direction or * direction to attack.)
You barely miss the gnoll. You block the gnoll's attack.
The gnoll hits you with a +0 flail!
You hit the gnoll.
The gnoll is moderately wounded.
You block the gnoll's attack.
You barely miss the gnoll.
The gnoll is moderately wounded.
The gnoll hits you with a +0 flail.
* * * LOW HITPOINT WARNING * * *
The gnoll hits you with a +0 flail!
* * * LOW HITPOINT WARNING * * *
You hit the gnoll but do no damage.
The gnoll is moderately wounded.
The gnoll hits you with a +0 flail.
You die...

..............................#
....#....####....##...........#
#........# ###..##...........#
.......#..####................#
..<...# #.......###.#.........#
.##.#. ####...## #...........#
.## ##...## ###..#.....## ..#
#....(######.......# #†#
#..##g@..# ###.....# #.#
#..######.# #.....# #.# #..
#.†.# #.....# #.# #...
###..##...^.# ... #.s.
#.##....># ... #..# ..#######
.... #.s ## .... ... .....


You could see a neutral gnoll (insane).

Vanquished Creatures
  Terence (D:2)
  Robin (D:2)
  2 adders (D:2)
  2 oozes (D:2)
  3 dart slugs
  3 giant cockroaches
  8 goblins
  6 hobgoblins
  6 bats
  3 frilled lizards (D:1)
  4 kobolds
  6 rats
45 creatures vanquished.

Vanquished Creatures (collateral kills)
  2 gnolls (D:2)
  A worm (D:2)
  A giant cockroach (D:2)
  3 hobgoblins (D:2)
  A frilled lizard (D:2)
  3 goblins (D:2)
11 creatures vanquished.

Vanquished Creatures (others)
  A goblin (D:2)
1 creature vanquished.

Grand Total: 57 creatures vanquished

Notes
Turn   | Place    | Note
-------+----------+-------------------------------------------
     0 | D:1      | KiliKikkendorf the Hill Orc Fighter began the quest for the
                  | Orb.
     0 | D:1      | Reached XP level 1. HP: 19/19 MP: 1/1
   100 | D:1      | Reached XP level 2. HP: 27/27 MP: 2/2
   750 | D:2      | Reached XP level 3. HP: 33/33 MP: 3/3
   775 | D:2      | Gained mutation: You are frail. (-10% HP) [potion of
                  | mutation]
   775 | D:2      | Gained mutation: Your muscles are strong. (Str +2) [potion
                  | of mutation]
   775 | D:2      | Gained mutation: Your flesh is heat resistant. (rF+)
                  | [potion of mutation]
   776 | D:2      | Lost mutation: You are frail. (-10% HP) [potion of
                  | mutation]
   776 | D:2      | Lost mutation: Your flesh is heat resistant. (rF+) [potion
                  | of mutation]
   776 | D:2      | Lost mutation: Your muscles are strong. (Str +2) [potion of
                  | mutation]
   776 | D:2      | Gained mutation: Your flesh is heat resistant. (rF+)
                  | [potion of mutation]
   776 | D:2      | Gained mutation: You are partially covered in yellow
                  | scales. (AC +2) [potion of mutation]
   776 | D:2      | Gained mutation: You are somewhat resistant to further
                  | mutation. [potion of mutation]
   776 | D:2      | Gained mutation: You possess an exceptional clarity of
                  | mind. [potion of mutation]
   830 | D:2      | Noticed Terence
   847 | D:2      | Killed Terence
   847 | D:2      | Reached XP level 4. HP: 27/40 MP: 4/4
   877 | D:2      | Noticed Robin
   901 | D:2      | Killed Robin
  1130 | D:2      | Slain by a gnoll

Levels and vault maps discovered:
D:1:      lightli_arrival_statue_moat, layout_loops_cross,
          chequers_hall_statues_wall_a
D:2:      layout_rooms, first_ration, uniq_terence, uniq_natasha, uniq_robin

Skill      XL: |  1  2  3  4 |
---------------+-------------+-----
Axes           | 3 4 |  4.3
Fighting       | 4 |  4.3
Armour         | 4 |  4.2
Stealth        | |  0.2
Shields        | |  3.8

Action                   |  1- 3 |  4- 6 || total
-------------------------+-------+-------++-------
Melee: War axe           |    89 |    56 ||   145
Throw: Dart              |     1 |     8 ||     9
  Use: Potion            |     5 |       ||     5
  Eat: Chunk             |       |     1 ||     1
Armor: Scale mail        |    33 |    36 ||    69
Dodge: Dodged            |    36 |    17 ||    53
Block: Kite shield       |    48 |    40 ||    88

Table legend:
 A = Non-vault XP
 B = Vault XP
 C = Vault XP percentage of total XP
 D = Non-vault monster count
 E = Vault monster count
 F = Vault count percentage of total count
                 A         B        C        D         E       F
            +---------+---------+-------+---------+---------+-------
      Total |     114 |      41 |  26.5 |      42 |      13 |  23.6
            +---------+---------+-------+---------+---------+-------
        D:1 |      31 |       0 |   0.0 |      20 |       0 |   0.0
        D:2 |      83 |      41 |  33.1 |      22 |      13 |  37.1
            +---------+---------+-------+---------+---------+-------
